 Seeded DCSS version 0.27.1-2-g3b301248ec (webtiles) character file.

Game seed: 4334112020812157148 (custom seed)

7 pancakes the Magician (level 2, 10/19 HPs)
             Began as a Gnoll Hedge Wizard on Sept 26, 2021.
             Was a Follower of Zin.
             Quit the game on level 1 of the Dungeon.
             The game lasted 00:02:32 (172 turns).

pancakes the Magician (Gnoll Hedge Wizard)           Turns: 172, Time: 00:02:32

Health: 10/19      AC:  2    Str:  9    XL:     2   Next: 0%
Magic:  3/10       EV: 13    Int: 13    God:    Zin [*.....]
Gold:   0          SH:  0    Dex: 11    Spells: 14/15 levels left

rFire    . . .     SeeInvis .   a - staff of earth
rCold    . . .     Faith    .   (no shield)
rNeg     . . .     Spirit   .   b - +0 robe
rPois    .         Reflect  .   c - +0 hat
rElec    .         Harm     .   (no cloak)
rCorr    .         Rampage  .   (no gloves)
Will     .....                  (no boots)
Stlth    ++........             (no amulet)
HPRegen  0.06/turn              (no ring)
MPRegen  0.12/turn              (no ring)

@: no status effects
A: fangs 1, strong nose, distributed training
a: Renounce Religion, Recite, Donate Gold


You were on level 1 of the Dungeon.
You worshipped Zin.
Zin was aware of your devotion.
You visited 1 branch of the dungeon, and saw 1 of its levels.

Inventory:

Hand Weapons
 d - a +0 dagger
 i - a +0 hand axe
Missiles
 f - 13 poisoned darts (quivered)
 g - 15 sling bullets
 h - 16 bolts
Armour
 b - a +0 robe (worn)
 c - a +0 hat (worn)
Magical Staves
 a - a staff of earth (weapon)
Scrolls
 e - 2 scrolls of enchant weapon {unknown}
 j - a scroll of holy word {unknown}


   Skills:
 + Level 0.2 Fighting
 + Level 0.2 Short Blades
 + Level 0.2 Long Blades
 + Level 0.2 Axes
 + Level 0.2 Maces & Flails
 + Level 0.2 Polearms
 + Level 0.2 Staves
 + Level 0.2 Slings
 + Level 0.2 Bows
 + Level 0.2 Crossbows
 + Level 0.2 Throwing
 + Level 0.2 Armour
 + Level 4.4 Dodging
 + Level 4.0 Stealth
 + Level 0.2 Shields
 + Level 0.2 Unarmed Combat
 + Level 7.1 Spellcasting
 + Level 2.0 Conjurations
 + Level 0.1 Hexes
 + Level 2.0 Summonings
 + Level 0.1 Necromancy
 + Level 2.0 Translocations
 + Level 0.1 Transmutations
 + Level 0.1 Fire Magic
 + Level 0.1 Ice Magic
 + Level 0.1 Air Magic
 + Level 0.1 Earth Magic
 + Level 0.1 Poison Magic
 + Level 0.3 Invocations
 + Level 0.2 Evocations


You had 14 spell levels left.
You knew the following spells:

 Your Spells              Type           Power      Damage    Failure   Level
s - Magic Dart            Conj           36%        1d4       7%          1

Your spell library contained the following spells:

 Spells                   Type           Power      Damage    Failure   Level
 Blink                    Tloc           N/A        N/A       10%         2
 Call Imp                 Summ           9%         N/A       10%         2
 Slow                     Hex            5%         N/A       22%         2
 Conjure Flame            Conj/Fire      7%         6-21      28%         3
 Mephitic Cloud           Conj/Pois/Air  6%         N/A       32%         3


Dungeon Overview and Level Annotations

Branches:
Dungeon (1/15)

Altars:
Zin


Innate Abilities, Weirdness & Mutations

You have very sharp teeth.
Your uncanny sense of smell can sniff out nearby items.
Your experience applies equally to all skills.


Message History

You see here a +0 hand axe.
i - a +0 hand axe
Found 14 stones.
An endoplasm comes into view.
A frilled lizard comes into view.
Found a faded altar of an unknown god.
Casting: Magic Dart (safe; 7% risk of failure)
Confirm with . or Enter, or press ? or * to list all spells.
Aiming: Magic Dart (safe; 7% risk of failure)
Press: ? - help, Shift-Dir - straight line, f - frilled lizard
Aim: a frilled lizard (asleep, 100% to hit)
The magic dart hits the frilled lizard.
The frilled lizard is heavily wounded.
The frilled lizard hisses angrily.
Casting: Magic Dart (safe; 7% risk of failure)
Confirm with . or Enter, or press ? or * to list all spells.
Aiming: Magic Dart (safe; 7% risk of failure)
Press: ? - help, Shift-Dir - straight line, f/p - frilled lizard
Aim: a frilled lizard (100% to hit)
The magic dart hits the frilled lizard.
You kill the frilled lizard!
You have reached level 2!
There is a faded altar of an unknown god here.
You see here a frilled lizard corpse.
You cannot tell which god this altar belongs to.
Convert to them anyway?
Uppercase [Y]es or [N]o only, please.
You cannot tell which god this altar belongs to.
Convert to them anyway?
Zin accepts your prayer! Zin welcomes you!
You can now donate money to Zin.
You can now recite Zin's Axioms of Law.
There is a glowing silver altar of Zin here.
You see here a frilled lizard corpse.
Found a scroll labelled ZINWEORHIST.
j - a scroll labelled ZINWEORHIST
There is a glowing silver altar of Zin here.
You see here a frilled lizard corpse.
Unknown command.
Unknown command.
Unknown command.
Are you sure you want to abandon this character and quit the game? (Confirm with "yes".)

#####.#.#.#.#....#####.'.
........#.#.#.##.# ##'#.
........#.#.#.##.# #....
J...(...#.#.#....# #....
......#.#........# #....
.....##.###.##...# #....
######.## #......# #....
##.#######..# #####
##@#.......##
##_##........#
#.##.......#.###
##.######......# ##.#
#......# #.## #......#
##.# #......# #..#
###..... #.## #......


There were no monsters in sight!

Vanquished Creatures
  A dart slug (D:1)
  A hobgoblin (D:1)
  A jackal (D:1)
  A frilled lizard (D:1)
  A goblin (D:1)
5 creatures vanquished.

Notes
Turn   | Place    | Note
-------+----------+-------------------------------------------
     0 | D:1      | pancakes the Gnoll Hedge Wizard began the quest for the
                  | Orb.
     0 | D:1      | Reached XP level 1. HP: 13/13 MP: 8/8
   151 | D:1      | Found a faded altar of an unknown god.
   154 | D:1      | Reached XP level 2. HP: 9/19 MP: 0/10
   155 | D:1      | Became a worshipper of Zin the Law-Giver
   155 | D:1      | Reached * piety under Zin
   172 | D:1      | Quit the game

Illustrated notes

Levels and vault maps discovered:
D:1:      dpeg_arrival_refuge, layout_basic, chequers_ecumenical_altar_twisty

Skill      XL: |  1 |
---------------+----+-----
Conjurations   | 2 |  2.0
Summonings     | 2 |  2.0
Translocations | 2 |  2.0
Fighting       | |  0.2
Short Blades   | |  0.2
Long Blades    | |  0.2
Axes           | |  0.2
Maces & Flails | |  0.2
Polearms       | |  0.2
Staves         | |  0.2
Slings         | |  0.2
Bows           | |  0.2
Crossbows      | |  0.2
Throwing       | |  0.2
Armour         | |  0.2
Dodging        | |  4.4
Stealth        | |  4.0
Shields        | |  0.2
Unarmed Combat | |  0.2
Spellcasting   | |  7.1
Hexes          | |  0.1
Necromancy     | |  0.1
Transmutations | |  0.1
Fire Magic     | |  0.1
Ice Magic      | |  0.1
Air Magic      | |  0.1
Earth Magic    | |  0.1
Poison Magic   | |  0.1
Invocations    | |  0.3
Evocations     | |  0.2

Action                   || total
-------------------------++-------
Melee: Staff             ||     4
Throw: Dart              ||     1
 Cast: Magic Dart        ||    14
Armor: Robe              ||     1
Dodge: Dodged            ||     6
